 Dungeon Crawl Stone Soup version 0.30.0-5-g1a98f26d00 (webtiles) character file.

Game seed: 2793452908082889008

60 Orangeyouglad the Trooper (level 4, -4/34 HPs)
             Began as a Human Wanderer on May 12, 2023.
             Killed by nerve-wracking pain
             ... invoked by Jessica
              (10 damage)
             ... on level 2 of the Dungeon.
             The game lasted 00:02:52 (1662 turns).

Orangeyouglad the Trooper (Human Wanderer)          Turns: 1662, Time: 00:02:52

Health: -4/34      AC:  8    Str: 17    XL:     4   Next: 24%
Magic:  6/6        EV: 10    Int: 11    God:
Gold:   128        SH:  4    Dex: 14    Spells: 4/5 levels left

rFire   . . .        a - +2 hand axe
rCold   . . .        c - +0 buckler
rNeg    . . .        o - +0 ring mail
rPois   .            i - +2 helmet {Int+3}
rElec   .            (no cloak)
rCorr   .            (no gloves)
SInv    .            (no boots)
Will    .....        (no amulet)
Stlth   +            (no ring)
HPRegen 0.25/turn    (no ring)
MPRegen 0.10/turn

%: no passive effects
@: no status effects
A: no striking features
a: no special abilities


You were on level 2 of the Dungeon.
You visited 1 branch of the dungeon, and saw 2 of its levels.

You collected 128 gold pieces.

Inventory:

Hand Weapons
 a - a +2 hand axe (weapon)
 b - a +0 falchion
Missiles
 g - 2 atropa-tipped darts (quivered)
Armour
 c - a +0 buckler (worn)
 e - a +0 leather armour
 i - a +2 helmet of intelligence (worn)
 o - a +0 ring mail (worn)
Scrolls
 d - 2 scrolls of fog
 j - 3 scrolls of identify {unknown}
 l - a scroll of vulnerability {unknown}
 m - a scroll of amnesia {unknown}
 q - 2 scrolls of noise {unknown}
 s - a scroll of poison {unknown}
Potions
 f - 4 potions of curing {unknown}
 h - a potion of mutation {unknown}
 k - a potion of heal wounds
 n - a potion of lignification {unknown}
 p - a potion of haste
 r - a potion of flight {unknown}


   Skills:
 + Level 2.6 Fighting
 - Level 1.0 Long Blades
 - Level 2.0 Axes
 - Level 1.0 Throwing
 - Level 1.0 Armour
 + Level 2.0 Dodging
 - Level 1.0 Stealth
 + Level 2.0 Shields
 + Level 1.3 Spellcasting


You had 4 spell levels left.
You knew the following spells:

 Your Spells              Type           Power      Damage    Failure   Level
a - Slow                  Hex            0%         N/A       58%         1

Your spell library contained the following spells:

 Spells                   Type           Power      Damage    Failure   Level
 Confusing Touch          Hex            0%         N/A       92%         3
 Vampiric Draining        Necr           0%         2d6       92%         3


Dungeon Overview and Level Annotations

Branches:
Dungeon (2/15)

Altars:

Annotations:
D:2 Jessica


Message History

Jessica the Apprentice Sorceress comes into view.
She is wielding a +0 club.
Jessica shouts!
Throw: 4 darts (atropa)
Press: ? - help, Q - select action, (/) - cycle Shift-Dir - straight line, f - Jessica
Aim: Jessica, wielding a +0 club and wearing a +0 robe (59% to hit, chance to blind on hit: 100%)
You throw an atropa-tipped dart. The atropa-tipped dart hits Jessica.
Jessica appears confused.
Jessica seems less confused.
Jessica barely misses you.
You barely miss Jessica.
Jessica is no longer blind.
Jessica hits you with a +0 club.
You slash Jessica!
Jessica is severely wounded.
Jessica drinks a potion.
Jessica is healed!
You hit Jessica.
Jessica is lightly wounded.
Jessica hits you but does no damage. Jessica hits you with a +0 club.
Throw: 3 darts (atropa)
Press: ? - help, Q - select action, (/) - cycle Shift-Dir - straight line, f/p - Jessica
Aim: Jessica, wielding a +0 club and wearing a +0 robe (lightly wounded, 59% to hit, chance to blind on hit: 100%)
You throw an atropa-tipped dart. The atropa-tipped dart hits Jessica.
Jessica appears confused.
Jessica is lightly wounded.
You slash Jessica!
Jessica is almost dead.
Jessica seems less confused.
Jessica gestures at you while chanting. Pain shoots through your body!
Jessica casts a spell at you. Pain shoots through your body!
* * * LOW HITPOINT WARNING * * *
You closely miss Jessica.
Jessica is almost dead.
You block Jessica's attack.
You barely miss Jessica.
Jessica is almost dead.
Jessica is no longer blind.
Jessica casts a spell at you. Pain shoots through your body!
You die...

....# #. #.#.# . #.
#.#.#######...## ##.
#.#####.@............#
#.. #.........# #.##.#.#
#.#
#######..######.##.#.#
#.# #..# #.......#.# #.#
#..###.##.#....#####.#
##..(@@.............†.#
##.#..##.##......#######
#.###.##.###.#.###
##.#.....# #.###
##.#.######.#
###........# ##########


You could see Jessica.

Vanquished Creatures
  An adder (D:2)
  A worm (D:2)
  A dart slug (D:2)
  An orc (D:2)
  2 bats
  3 endoplasms
  6 giant cockroaches
  5 hobgoblins
  3 jackals (D:2)
  3 quokkas
  2 ball pythons (D:1)
  3 frilled lizards (D:1)
  3 goblins
  2 kobolds
  5 rats
41 creatures vanquished.

Notes
Turn   | Place    | Note
-------+----------+-------------------------------------------
     0 | D:1      | Orangeyouglad the Human Wanderer began the quest for the
                  | Orb.
     0 | D:1      | Orangeyouglad set off with the following items: a +2 hand
                  | axe, a +0 falchion, a +0 buckler, a scroll of fog, a +0
                  | leather armour.
     0 | D:1      | Reached XP level 1. HP: 16/16 MP: 1/1
   129 | D:1      | Reached XP level 2. HP: 22/22 MP: 2/2
   308 | D:1      | Learned a level 1 spell: Slow
   676 | D:1      | Reached XP level 3. HP: 27/28 MP: 4/4
  1082 | D:2      | Reached skill level 1 in Spellcasting
  1352 | D:2      | Found a faded altar of an unknown god.
  1369 | D:2      | Reached XP level 4. HP: 34/34 MP: 5/5
  1641 | D:2      | Noticed Jessica
  1662 | D:2      | Killed from afar by Jessica

Illustrated notes

Levels and vault maps discovered:
D:1:      psy_arrival_conway, layout_basic, minmay_misc_feat_chi,
          minmay_misc_feat_hallway, minmay_misc_feat_encased
D:2:      layout_loops_corners, hellmonk_ecumenical_altar_dog_temple,
          uniq_jessica

Skill      XL: |  1  2  3  4 |
---------------+-------------+-----
Spellcasting   | 1 |  1.3
Shields        | 2 |  2.0
Dodging        | 2 |  2.0
Fighting       | |  2.6
Long Blades    | |  1.0
Axes           | |  2.0
Throwing       | |  1.0
Armour         | |  1.0
Stealth        | |  1.0

Action                     |  1- 3 |  4- 6 || total
---------------------------+-------+-------++-------
  Melee: Hand axe          |   105 |    27 ||   132
  Throw: Dart              |       |     2 ||     2
   Stab: Sleeping          |     1 |       ||     1
 Armour: Leather armour    |    22 |       ||    22
         Ring mail         |    16 |     9 ||    25
  Dodge: Dodged            |    44 |     8 ||    52
  Block: Buckler           |    14 |     5 ||    19
